 Dungeon Crawl Stone Soup version 0.30-a0-939-gc8157cb160 (webtiles) character file.

Game seed: 18294429589548080880

101 nakedcarnage the Poker (level 4, -6/33 HPs)
             Began as an Octopode Monk on Mar 25, 2023.
             Was a Follower of Okawaru.
             Mangled by a gnoll
             ... wielding a +0 flail
              (14 damage)
             ... on level 3 of the Dungeon.
             The game lasted 00:03:06 (1373 turns).

nakedcarnage the Poker (Octopode Monk)              Turns: 1373, Time: 00:03:06

Health: -6/33      AC:  1    Str: 16    XL:     4   Next: 75%
Magic:  5/5        EV: 16    Int: 14    God:    Okawaru [*.....]
Gold:   116        SH:  0    Dex: 14    Spells: 3/3 levels left

rFire   . . .      SeeInvis .    a - +0 spear
rCold   + . .      Faith    .    (no shield)
rNeg    . . .      Spirit   .    (helmet restricted)
rPois   .          Reflect  .    (no amulet)
rElec   .          Rampage  .    k - +6 ring of strength
rCorr   .                        m - ring of protection from cold
Will    .....                    (no ring)
Stlth   +++                      (no ring)
HPRegen 0.25/turn                (no ring)
MPRegen 0.09/turn                (no ring)
                                 (no ring)
                                 (no ring)

@: confused, mighty, heroic, ambrosia-drunk
A: almost no armour, amphibious, 8 rings, camouflage 1, gelatinous body 1,
(nimble swimmer 1), tentacles
a: Renounce Religion, Heroism


You were on level 3 of the Dungeon.
You worshipped Okawaru.
Okawaru was aware of your devotion.
You visited 1 branch of the dungeon, and saw 3 of its levels.

You collected 116 gold pieces.

Inventory:

Hand Weapons
 a - a +0 spear (weapon)
 l - a +0 rapier
 n - a +0 war axe
Missiles
 d - 3 poisoned darts (quivered)
Jewellery
 k - a +6 ring of strength (left tentacle)
 m - a ring of protection from cold (right tentacle)
Scrolls
 c - 3 scrolls of identify {unknown}
 f - a scroll of fog {unknown}
 i - a scroll of brand weapon {unknown}
Potions
 e - a potion of might {@q3}
 g - a potion of degeneration {unknown}
 h - a potion of heal wounds {unknown}
 j - a potion of curing {unknown}


   Skills:
 - Level 4.0(9.0) Fighting
 - Level 4.0(9.0) Polearms
 + Level 3.2(8.2) Dodging
 - Level 2.6(7.6) Stealth
 * Level 1.6 Invocations


You had 3 spell levels left.
You didn't know any spells.
Your spell library was empty.

Dungeon Overview and Level Annotations

Branches:
Dungeon (3/15)

Altars:
Okawaru


Innate Abilities, Weirdness & Mutations

You cannot wear most types of armour.
You are amphibious.
You can wear up to eight rings at the same time.
Your skin changes colour to match your surroundings (Stealth+).
Your rubbery body absorbs attacks. (AC +1, EV +1)
((You are camouflaged when in or above water. (Stealth+)))
You have tentacles for arms and can constrict up to eight enemies at once.


Message History

Okawaru accepts your kill.
Your Invocations skill increases to level 1!
Things that are here:
a +0 dagger; a +0 robe You start resting.
You feel like a meek peon again. 4 gnolls come into view.
Found 11 gold pieces.
The gnoll shouts! x3
The gnoll moves out of view.
The gnoll hits you from afar with a +0 spear!
A hobgoblin comes into view.
The hobgoblin shouts!
The gnoll shouts!
Okay, then.
Okay, then.
You gain the combat prowess of a mighty hero.
The gnoll hits you from afar with a +0 spear.
The gnoll barely misses you. The hobgoblin hits you.
You barely miss the hobgoblin. You grab the hobgoblin.
You squeeze the hobgoblin. You constrict the hobgoblin.
The gnoll barely misses you. The hobgoblin hits you.
The gnoll hits you from afar with a +0 halberd.
* * * LOW HITPOINT WARNING * * *
You hit the hobgoblin but do no damage. You constrict the hobgoblin.
You kill the hobgoblin!
Okawaru accepts your kill. The gnoll attacks as you move away!
The gnoll hits you with a +0 flail.
* * * LOW HITPOINT WARNING * * *
You see here a hobgoblin corpse.
Found a stone staircase leading down.
Okay, then.
It was a potion of might.
You feel very mighty all of a sudden. The gnoll misses you.
The gnoll barely misses you. The gnoll completely misses you.
You are confused.
You feel invigorated. The gnoll barely misses you.
The gnoll hits you with a +0 flail!
You die...

#>... #...
#... #.. #..
#.#######
#........ #@#
###
#g#########
#<#
#gg.......#
#.#
#g........#
#.#
#..(......#
###'#
#.#.........#
#.[..
#.........###
#....
###.##....####
#....
$.....##)....#
#....


You could see 4 gnolls.

Vanquished Creatures
  Jessica (D:3)
  An adder (D:2)
  A white imp (D:3)
  7 worms
  A dart slug (D:2)
  An orc (D:3)
  3 bats
  2 endoplasms (D:2)
  A giant cockroach (D:2)
  3 hobgoblins
  2 jackals (D:2)
  8 ball pythons
  2 frilled lizards (D:2)
  3 kobolds (D:2)
  4 rats
40 creatures vanquished.

Vanquished Creatures (others)
  2 fungi (D:2)
2 creatures vanquished.

Grand Total: 42 creatures vanquished

Notes
Turn   | Place    | Note
-------+----------+-------------------------------------------
     0 | D:1      | nakedcarnage the Octopode Monk began the quest for the Orb.
     0 | D:1      | Reached XP level 1. HP: 16/16 MP: 1/1
   400 | D:1      | Reached XP level 2. HP: 21/21 MP: 2/2
   701 | D:2      | Found a faded altar of an unknown god.
   749 | D:2      | Reached XP level 3. HP: 26/26 MP: 3/3
  1056 | D:2      | Reached XP level 4. HP: 33/33 MP: 4/4
  1065 | D:2      | Found an iron altar of Okawaru.
  1086 | D:2      | Became a worshipper of Warmaster Okawaru
  1086 | D:2      | Reached * piety under Okawaru
  1086 | D:2      | Reached ** piety under Okawaru
  1347 | D:3      | Noticed Jessica
  1356 | D:3      | Killed Jessica
  1357 | D:3      | Reached skill level 1 in Invocations
  1373 | D:3      | Mangled by a gnoll

Illustrated notes

Levels and vault maps discovered:
D:1:      dpeg_arrival_tiny_a, layout_basic
D:2:      layout_rooms, shapermc_ecumenical_altar_acropolis, basic_altar
D:3:      layout_basic, regret_index_temple_of_mockery, uniq_jessica

Skill      XL: |  1  2  3  4 |
---------------+-------------+-----
Polearms       | 4 |  4.0
Fighting       | 4 |  4.0
Invocations    | 1 |  1.6
Dodging        | |  3.2
Stealth        | |  2.6

Action                     |  1- 3 |  4- 6 || total
---------------------------+-------+-------++-------
  Melee: Spear             |    81 |    23 ||   104
         Constrict         |    17 |     7 ||    24
         Tentacles         |    12 |     4 ||    16
         Punch             |     1 |       ||     1
  Throw: Dart              |       |     3 ||     3
 Invoke: Heroism           |       |     3 ||     3
    Use: Potion            |       |     2 ||     2
   Stab: Sleeping          |     9 |       ||     9
  Dodge: Dodged            |    28 |    14 ||    42

Table legend: (Time is in decaauts)
 A = Elapsed time spent in this place.
 B = Non-inter-level travel time spent in this place.
 C = Inter-level travel time spent in this place.
 D = Time resting spent in this place.
 E = Time spent auto-exploring this place.
 F = Levels seen in this place.
 G = Mean time per level.
                   A        B        C        D        E       F      G
               +--------+--------+--------+--------+--------+-----+--------+
         Total |   1358 |   1289 |     69 |     73 |    906 |   3 |  452.7 |
       Dungeon |   1358 |   1289 |     69 |     73 |    906 |   3 |  452.7 |
               +--------+--------+--------+--------+--------+-----+--------+

Top non-repeatable levels by time:
     D:2: 625 daAuts
     D:1: 596 daAuts
     D:3: 136 daAuts
